 Dungeon Crawl Stone Soup version 0.19.1 (webtiles) character file.

79783 joejoepie the Peltast (level 16, -3/126 HPs)
             Began as a Formicid Fighter on Nov 25, 2016.
             Was the Champion of Makhleb.
             Drowned by a drowned soul (17 damage)
             ... summoned by a merfolk avatar
             ... on level 6 of the Lair of Beasts on Nov 28, 2016.
             The game lasted 02:08:04 (24344 turns).

joejoepie the Peltast (Formicid Fighter)           Turns: 24344, Time: 02:08:05

Health: -3/126     AC: 25    Str: 23    XL:     16   Next: 12%
Magic:  25/25      EV:  9    Int: 13    God:    Makhleb [******]
Gold:   888        SH: 27    Dex: 21    Spells: 0 memorised, 15 levels left

rFire  + . .     SeeInvis +     Z - +9 flail "Xaixet" {venom, *Noise Dex+6}
rCold  . . .     Gourm    .     N - +3 plate armour
rNeg   . . .     Faith    .     P - +0 large shield
rPois  +         Spirit   .     (helmet unavailable)
rElec  .         Reflect  +     s - +0 cloak
rCorr  .         Harm     .     e - +1 pair of gloves {archery}
MR     +....                    I - +2 pair of boots
Stlth  ..........               U - +6 amulet of reflection
                                X - ring of poison resistance
                                W - ring of Temperance {+Fly rF+ MP+9 Dex+3}

@: no status effects
A: permanent stasis, dig shafts and tunnels, four strong arms, antennae 3,
clever 1
a: Dig, Shaft Self, Minor Destruction, Lesser Servant of Makhleb, Major
Destruction, Greater Servant of Makhleb, Renounce Religion, Evoke Flight


You were on level 6 of the Lair of Beasts.
You worshipped Makhleb.
Makhleb was exalted by your worship.
You were not hungry.

You visited 4 branches of the dungeon, and saw 24 of its levels.

You collected 1932 gold pieces.
You spent 1044 gold pieces at shops.

Inventory:

Hand Weapons
 a - a +3 quarterstaff of chaos
 b - a +4 hunting sling of freezing
 Y - a +2 flail of protection
 Z - the +9 flail "Xaixet" (weapon) {venom, *Noise Dex+6}
   (You bought it in a shop on level 12 of the Dungeon)

   It poisons the flesh of those it strikes.
   It affects your dexterity (+6).
   It may make noises in combat.
Missiles
 n - 197 sling bullets
Armour
 e - a +1 pair of gloves of archery (worn)
 s - a +0 cloak (worn)
 I - a +2 pair of boots (worn)
 N - a +3 plate armour (worn)
 P - a +0 large shield (worn)
Magical Staves
 S - an uncursed staff of summoning {unknown}
 V - an uncursed staff of power {unknown}
Jewellery
 y - an uncursed ring of protection from fire
 z - an uncursed ring of protection from cold {unknown}
 F - an uncursed ring of protection from magic
 K - an uncursed ring of resist corrosion
 U - a +6 amulet of reflection (around neck)
 W - the ring of Temperance (left hand) {+Fly rF+ MP+9 Dex+3}
   (You found it on level 8 of the Dungeon)

   [ring of flight]

   It affects your dexterity (+3).
   It protects you from fire.
   It affects your magic capacity (+9).
   It lets you fly.
 X - a ring of poison resistance (right hand)
Wands
 c - a wand of random effects (28/48)
 i - a wand of acid (10/15)
 k - a wand of confusion (18/48)
 r - a wand of iceblast (11/15)
Scrolls
 h - 4 scrolls of fog
 j - a scroll of immolation
 l - a scroll of recharging
 o - 2 scrolls of amnesia
 q - a scroll of magic mapping
 t - a scroll of enchant armour
 v - 3 scrolls of remove curse
 O - 2 scrolls of fear
 T - 4 scrolls of identify
Potions
 d - a potion of mutation {unknown}
 m - a potion of cure mutation {unknown}
 p - 2 potions of agility
 u - a potion of brilliance {unknown}
 w - a potion of curing
 A - 2 potions of resistance {unknown}
 C - 2 potions of lignification
 D - a potion of cancellation {unknown}
 G - 5 potions of flight
 J - a potion of ambrosia
 L - a potion of magic {unknown}
 Q - 3 potions of berserk rage {unknown}
Miscellaneous
 R - a disc of storms
Comestibles
 f - 16 bread rations
 g - 19 chunks of flesh
 x - 15 fruits
 E - 4 slices of pizza
 H - 9 meat rations
 M - 4 beef jerkies


   Skills:
 + Level 11.6 Fighting
 + Level 10.2(13.3) Maces & Flails
   Level 5.0(10.5) Polearms
 + Level 13.9(15.3) Staves
 + Level 0.2 Throwing
 + Level 11.3 Armour
 + Level 3.1 Dodging
 + Level 7.1 Stealth
 + Level 16.0 Shields


You had 15 spell levels left.
You didn't know any spells.

Dungeon Overview and Level Annotations

Branches:
Dungeon (15/15)            Temple (0/1) D:7            Lair (6/6) D:10
  Swamp (0/4) Lair:3        Snake (1/4) Lair:4          Orc (2/2) D:11
    Elf (0/3) Orc:2
  Slime: Lair:5-6    Vaults: D:13-14     Depths: D:15

Altars:
Cheibriados
Dithmenos
Gozag
Hepliaklqana
Makhleb
Nemelex Xobeh
Qazlal
Ru
Zin
Beogh

Shops:
D:12 (   D:14 [   Orc:1 %   Orc:2 [*:(

Annotations:
D:15 exclusion: Roxanne, Roxanne


Innate Abilities, Weirdness & Mutations

You are under a permanent stasis effect.
You can dig through walls and to a lower floor.
Your four strong arms can wield two-handed weapons with a shield.
You have a pair of large antennae on your head. (SInv)
Your mind is acute. (Int +2)


Message History

* * * LOW HITPOINT WARNING * * *
You block the drowned soul's attack.
You feel better.
The merfolk avatar chants its luring song.
You block the drowned soul's attack.
You feel better. You block the drowned soul's attack. x2
The merfolk avatar chants its luring song.
You feel better. The drowned soul touches you. The drowned soul drowns you!
* * * LOW HITPOINT WARNING * * *
You block the drowned soul's attack.
You bludgeon the merfolk avatar!!
The merfolk avatar looks as sick as possible!
Your flail "Xaixet" says, "I'm bored."
The merfolk avatar is moderately wounded.
Jolted by the loud noise, you snap out of your trance!
You break out of your daze!
You hear an angry hiss. x2; You hear a bellow! x2
You block the drowned soul's attack. The drowned soul touches you.
The drowned soul drowns you!
You die...

.≈##≈≈#≈≈≈#≈≈≈##≈≈##≈≈##≈≈##≈÷≈P≈
.≈≈≈≈≈≈≈≈≈≈≈≈≈≈≈≈P≈≈≈≈≈≈≈≈P≈P.♣P≈
.≈≈≈≈≈≈≈≈≈≈≈S≈##≈≈≈≈≈P≈≈≈≈≈≈≈.♣≈≈
.≈≈#P≈#######...########≈≈##≈..P≈
..#≈≈#≈ #8≈≈≈≈≈≈≈≈≈# ≈P≈≈#≈≈..♣≈
..≈≈≈ #≈≈≈#≈≈P≈≈≈# ≈≈≈≈≈P≈..♣≈
..≈≈ #≈≈P≈≈≈≈≈≈≈# ≈≈ ≈≈≈≈..♣♣ ..#
#≈≈≈≈≈≈W≈≈≈#≈≈≈#≈##.... .≈
#≈≈P:??@≈≈≈≈P≈≈ #≈≈≈/Wm[≈≈≈≈≈8≈
#≈≈≈$≈W$≈≈≈≈≈8≈ #≈≈≈?$$(≈≈≈≈≈≈≈
#≈≈≈P≈≈≈≈≈≈#≈≈≈ #≈≈≈≈≈≈PP≈≈#≈≈≈
#≈≈P#≈#≈≈≈≈# ≈≈ #8≈≈≈≈≈≈≈≈8#
###≈## ...


You could see a merfolk avatar, a water moccasin and 3 drowned souls.

Vanquished Creatures
  Rupert (D:14)
  An orc warlord (Orc:1)
  2 dire elephants (Lair:6)
  The ghost of Zebulonius the Severer, a journeyman MiBe of Trog (Lair:3)
  Josephine (D:14)
  8 hydras
  A centaur warrior (D:14)
  An ogre mage (D:14)
  Urug (Orc:2)
  An orc high priest (Orc:2)
  Sonja (Lair:3)
  Nergalle (Orc:2)
  An unseen horror (D:14)
  A swamp dragon (Lair:3)
  7 hill giants
  Pikel (D:7)
  6 orc knights
  9 ugly things
  4 oklob plants
  2 cyclopes
  2 orc sorcerers
  A manticore (Lair:5)
  Maurice (D:11)
  10 elephants
  4 black mambas
  A water nymph (D:14)
  A torpor snail (Lair:6)
  9 spiny frogs
  A gargoyle (D:10)
  Psyche (D:12)
  A kobold demonologist (D:11)
  8 komodo dragons
  11 rime drakes
  9 trolls
  6 polar bears
  5 hornets
  2 two-headed ogres (D:10)
  8 blink frogs
  4 dream sheep (Lair:6)
  5 slime creatures (D:12)
  2 wind drakes (Lair:6)
  14 hippogriffs
  Sigmund (D:6)
  6 wyverns
  4 wraiths (D:13)
  A steam dragon (Lair:2)
  22 yaks
  5 basilisks
  Eustachio (D:4)
  2 hungry ghosts
  A neqoxec (D:5)
  Menkaure (D:4)
  A vampire mosquito (D:14)
  4 nagas (Lair:4)
  3 mottled dragons
  4 wargs
  A hell hound (Lair:5)
  A floating eye (D:10)
  15 water moccasins
  5 porcupines
  6 ice beasts
  A slave (D:7)
  33 orc warriors
  3 black bears
  A necrophage (D:9)
  5 sky beasts
  14 ogres
  A black bear (shapeshifter) (D:14)
  5 phantoms
  6 wolves (Lair:2)
  8 centaurs
  19 crocodiles
  A big kobold (D:10)
  24 bullfrogs
  A wyvern skeleton (D:10)
  3 scorpions
  6 killer bees
  3 vampire bats (Orc:2)
  14 wights
  A howler monkey (D:6)
  3 electric eels
  6 crimson imps
  3 centaur zombies
  2 bullfrog zombies (D:9)
  3 quasits
  Crazy Yiuf (D:3)
  20 orc priests
  3 centaur skeletons
  9 hounds
  32 orc wizards
  4 bullfrog skeletons
  6 iguanas
  Terence (D:3)
  5 worker ants
  A hound skeleton (D:7)
  A worker ant zombie (D:7)
  4 gnolls (D:8)
  A howler monkey skeleton (D:4)
  A howler monkey zombie (D:8)
  10 adders
  4 shadow imps
  An adder skeleton (D:9)
  2 worms (D:4)
  6 dart slugs
  4 leopard geckos
  72 orcs
  11 bats
  7 giant cockroaches
  6 goblins
  12 hobgoblins
  11 jackals
  6 quokkas
  5 ball pythons
  3 frilled lizards
  A jackal zombie (D:5)
  7 kobolds
  14 rats
  A plant (Lair:4)
679 creatures vanquished.

Vanquished Creatures (collateral kills)
  An ogre mage (D:14)
  2 two-headed ogres (D:14)
  An ogre (D:14)
4 creatures vanquished.

Vanquished Creatures (others)
  2 orcs (Orc:2)
  A quokka (D:7)
  9 fungi
  15 plants
27 creatures vanquished.

Grand Total: 710 creatures vanquished

Notes
Turn   | Place    | Note
-------+----------+-------------------------------------------
     0 | D:1      | joejoepie the Formicid Fighter began the quest for the Orb.
     0 | D:1      | Reached XP level 1. HP: 18/18 MP: 1/1
    19 | D:1      | Reached XP level 2. HP: 20/24 MP: 2/2
   327 | D:1      | Reached XP level 3. HP: 30/30 MP: 3/3
   333 | D:1      | Reached skill level 4 in Shields
  1054 | D:2      | Found a stormy altar of Qazlal.
  1056 | D:2      | Noticed a water elemental
  1057 | D:2      | Noticed an earth elemental
  1057 | D:2      | Noticed an air elemental
  1057 | D:2      | Noticed a fire elemental
  1250 | D:2      | Reached XP level 4. HP: 37/37 MP: 4/4
  1328 | D:2      | Found a faded altar of an unknown god.
  1983 | D:3      | Noticed Terence
  2015 | D:3      | Killed Terence
  2015 | D:3      | Reached XP level 5. HP: 27/42 MP: 5/5
  2244 | D:3      | Found a runed door.
  2248 | D:3      | Noticed Crazy Yiuf
  2260 | D:3      | Killed Crazy Yiuf
  2660 | D:3      | Noticed an ogre
  2684 | D:3      | Reached XP level 6. HP: 21/48 MP: 6/6
  2695 | D:3      | Killed an ogre
  2695 | D:3      | Reached skill level 1 in Staves
  2695 | D:3      | Reached skill level 5 in Shields
  3382 | D:4      | Got an obsidian-encrusted ring mail
  3392 | D:4      | Reached XP level 7. HP: 55/55 MP: 7/7
  3453 | D:4      | Reached skill level 1 in Dodging
  3490 | D:4      | Noticed Eustachio
  3501 | D:4      | Killed Eustachio
  3522 | D:4      | Noticed Menkaure
  3631 | D:3      | Reached XP level 8. HP: 60/61 MP: 8/8
  3655 | D:4      | Killed Menkaure
  3655 | D:4      | Reached skill level 5 in Fighting
  3655 | D:4      | Reached skill level 5 in Armour
  4194 | D:5      | Entered Level 5 of the Dungeon
  4221 | D:5      | Noticed Grinder
  4225 | D:5      | Noticed Grinder
  4225 | D:5      | Grinder changed into Grinder the neqoxec
  4238 | D:5      | Killed Grinder the neqoxec
  4238 | D:5      | Reached skill level 5 in Staves
  4424 | D:5      | Reached skill level 6 in Shields
  4429 | D:5      | Found a snail-covered altar of Cheibriados.
  4693 | D:6      | HP: 3/62 [orc priest/divine providence (16)]
  4954 | D:6      | Reached XP level 9. HP: 68/68 MP: 9/9
  5621 | D:6      | Noticed Sigmund
  5639 | D:6      | Killed Sigmund
  5639 | D:6      | Reached skill level 1 in Stealth
  5880 | D:6      | Found a burning altar of Makhleb.
  5880 | D:6      | Found a sparkling altar of Nemelex Xobeh.
  5887 | D:6      | Became a worshipper of Makhleb the Destroyer
  6099 | D:7      | Found a staircase to the Ecumenical Temple.
  6213 | D:7      | Reached skill level 7 in Shields
  6564 | D:7      | Noticed Pikel
  6587 | D:7      | Killed Pikel
  6587 | D:7      | Reached XP level 10. HP: 73/76 MP: 10/10
  6747 | D:7      | Reached * piety under Makhleb
  6950 | D:7      | Found a glowing silver altar of Zin.
  7515 | D:8      | Found a hazy altar of Hepliaklqana.
  8092 | D:8      | Got a faintly glowing jade ring
  8531 | D:9      | Reached ** piety under Makhleb
  8569 | D:9      | Reached skill level 5 in Polearms
  8771 | D:9      | Found a shadowy altar of Dithmenos.
  8816 | D:9      | Found a sacrificial altar of Ru.
  9034 | D:9      | Reached skill level 10 in Staves
  9154 | D:10     | Entered Level 10 of the Dungeon
  9191 | D:10     | Reached XP level 11. HP: 57/82 MP: 11/11
  9401 | D:10     | Reached skill level 8 in Shields
  9434 | D:10     | Found a staircase to the Lair.
  9563 | D:10     | Reached skill level 1 in Maces & Flails
  9684 | D:10     | Noticed a hill giant
  9696 | D:10     | Killed a hill giant
  9696 | D:10     | Reached *** piety under Makhleb
 10304 | D:10     | Noticed a hill giant
 10313 | D:10     | Killed a hill giant
 10474 | D:10     | Reached skill level 9 in Shields
 10600 | D:11     | Noticed Maurice
 10626 | D:11     | Killed Maurice
 10687 | D:11     | Noticed a hill giant
 10704 | D:11     | Reached **** piety under Makhleb
 10715 | D:11     | Killed a hill giant
 10715 | D:11     | Reached XP level 12. HP: 91/91 MP: 12/12
 10724 | D:11     | Gained mutation: Your mind is acute. (Int +2) [potion of beneficial mutation]
 10808 | D:11     | Found a staircase to the Orcish Mines.
 11005 | D:11     | Noticed a soul eater
 11748 | D:12     | Found Jethulun's Weapon Boutique.
 11788 | D:12     | Reached skill level 5 in Stealth
 11833 | D:12     | Reached skill level 10 in Shields
 12133 | D:12     | Noticed a five-headed hydra
 12143 | D:12     | Killed a five-headed hydra
 12265 | D:12     | Noticed Psyche
 12291 | D:12     | Killed Psyche
 12528 | D:13     | Reached ***** piety under Makhleb
 12844 | D:14     | Noticed an unseen horror
 12850 | D:14     | Killed an unseen horror
 12850 | D:14     | Reached XP level 13. HP: 98/99 MP: 13/13
 12855 | D:14     | Found Ogagen's Armour Boutique.
 12996 | D:14     | Reached skill level 11 in Shields
 13080 | D:14     | Found a sacrificial altar of Ru.
 13273 | D:14     | Noticed Josephine
 13625 | D:14     | Killed Josephine
 14174 | D:14     | Noticed Rupert
 14258 | D:14     | Killed Rupert
 14258 | D:14     | Reached skill level 12 in Shields
 14372 | D:14     | Noticed a seven-headed hydra
 14382 | D:14     | Killed a seven-headed hydra
 14596 | D:14     | Noticed a centaur warrior
 14604 | D:14     | Killed a centaur warrior
 14647 | D:14     | Reached skill level 10 in Fighting
 14705 | D:15     | Entered Level 15 of the Dungeon
 14707 | D:15     | Found an opulent altar of Gozag.
 14983 | D:15     | Noticed Roxanne
 15121 | D:15     | Reached XP level 14. HP: 109/109 MP: 14/14
 15237 | Orc:1    | Entered Level 1 of the Orcish Mines
 15322 | Orc:1    | Found Zyqasel's Food Shoppe.
 15355 | Orc:1    | Found a roughly hewn altar of Beogh.
 15617 | D:12     | Bought the +9 flail "Xaixet" {venom, *Noise Dex+6} for 1044 gold pieces
 15743 | Orc:2    | Entered Level 2 of the Orcish Mines
 15909 | Orc:2    | Noticed Urug
 15949 | Orc:1    | Reached skill level 10 in Armour
 16560 | Orc:2    | Reached skill level 5 in Maces & Flails
 16819 | Orc:1    | Reached ****** piety under Makhleb
 16871 | Orc:2    | Noticed an orc warlord
 17073 | Orc:1    | Reached skill level 13 in Shields
 17492 | Orc:2    | Noticed Nergalle
 17604 | Orc:2    | Killed Nergalle
 17613 | Orc:2    | Killed Urug
 17705 | Orc:2    | Found a roughly hewn altar of Beogh.
 17742 | Orc:2    | Found Muhegid's Antique Weapon Shoppe.
 17834 | Orc:1    | Killed an orc warlord
 18202 | Orc:2    | Found Rautwid's Book Shoppe.
 18310 | Orc:2    | Found a staircase to the Elven Halls.
 18346 | Orc:2    | Found Xeolliewa's General Store.
 18366 | Orc:2    | Found Janauroj's Antique Armour Shoppe.
 18742 | Lair:1   | Entered Level 1 of the Lair of Beasts
 19895 | Lair:2   | Found a labyrinth entrance.
 20677 | Lair:3   | Reached skill level 14 in Shields
 20685 | Lair:3   | Reached XP level 15. HP: 112/117 MP: 15/15
 20852 | Lair:3   | Identified the ring of Temperance {+Fly rF+ MP+9 Dex+3} (You found it on level 8 of the Dungeon)
 20957 | Lair:3   | Noticed Sonja
 20965 | Lair:3   | Killed Sonja
 21099 | Lair:3   | Noticed Zebulonius's ghost (journeyman MiBe)
 21133 | Lair:3   | Killed Zebulonius's ghost
 21371 | Lair:3   | Found a staircase to the Swamp.
 21870 | Lair:4   | Found a staircase to the Snake Pit.
 22364 | Snake:1  | Entered Level 1 of the Snake Pit
 22594 | Lair:5   | Reached skill level 15 in Shields
 23219 | Lair:6   | Entered Level 6 of the Lair of Beasts
 24053 | Lair:6   | Reached skill level 10 in Maces & Flails
 24066 | Lair:6   | Reached XP level 16. HP: 126/126 MP: 16/16
 24259 | Lair:6   | Reached skill level 16 in Shields
 24340 | Lair:6   | HP: 6/126 [drowned by a drowned soul[a merfolk avatar] (10)]
 24344 | Lair:6   | Drowned by a drowned soul

Skill      XL: |  1  2  3  4  5  6  7  8  9 10 11 12 13 14 15 16 |
---------------+-------------------------------------------------+-----
Shields        | 4 5 6 7 9 10 12 14 15 16 | 16.0
Polearms       | 3 5 |  5.0
Fighting       | 4 5 6 7 8 10 11 | 11.6
Armour         | 4 5 7 8 9 10 11 | 11.3
Staves         | 1 4 6 8 10 11 12 13 | 13.9
Dodging        | 1 2 3 |  3.1
Stealth        | 2 3 4 5 6 7 |  7.1
Maces & Flails | 4 7 10 | 10.2
Throwing       | |  0.2

Action                   |  1- 3 |  4- 6 |  7- 9 | 10-12 | 13-15 | 16-18 || total
-------------------------+-------+-------+-------+-------+-------+-------++-------
Melee: Trident           |   110 |    91 |       |       |       |       ||   201
       Quarterstaff      |       |    76 |   285 |   973 |   402 |       ||  1736
       Flail             |       |       |       |       |  1180 |    86 ||  1266
Throw: Stone             |       |       |       |     3 |       |       ||     3
 Abil: Dig               |       |       |       |       |     3 |       ||     3
Evoke: Disc of storms    |       |       |       |       |     2 |       ||     2
  Use: Scroll            |     5 |     8 |     5 |     6 |     5 |       ||    29
       Potion            |     2 |     4 |     3 |     1 |     7 |     5 ||    22
 Stab: Paralysed         |       |       |     2 |     2 |    15 |       ||    19
       Invisible         |       |       |     1 |       |       |       ||     1
       Petrified         |       |       |       |    13 |     4 |       ||    17
       Confused          |       |       |       |     3 |     2 |       ||     5
       Petrifying        |       |       |       |     3 |     4 |       ||     7
  Eat: Chunk             |     1 |     8 |    10 |    21 |    32 |     1 ||    73
       Beef jerky        |       |       |       |     1 |     4 |       ||     5
Armor: Scale mail        |    38 |    17 |       |       |       |       ||    55
       Chain mail        |       |    47 |    89 |   205 |    10 |       ||   351
       Plate armour      |       |       |       |       |   450 |    27 ||   477
Dodge: Dodged            |    31 |    44 |    47 |   151 |   245 |     6 ||   524
Block: Shield            |    54 |   102 |   130 |   450 |   578 |       ||  1314
       Reflection        |       |       |       |     8 |    44 |       ||    52
       Large shield      |       |       |       |       |  1116 |    95 ||  1211
